 Dungeon Crawl Stone Soup version 0.19-a0-958-gd69d43c (webtiles) character file.

2367 Arkorax the Carver (level 9, 0/63 HPs)
             Began as an Octopode Berserker on July 11, 2016.
             Was an Elder of Trog.
             Slain by a giant frog (5 damage)
             ... on level 7 of the Dungeon.
             The game lasted 00:08:40 (7284 turns).

Arkorax the Carver (Octopode Berserker)             Turns: 7284, Time: 00:08:41

Health: 0/63       AC:  1    Str: 16    XL:     9   Next: 44%
Magic:  9/9        EV: 16    Int:  9    God:    Trog [****..]
Gold:   212        SH:  0    Dex: 15    Spells: 0 memorised, 8 levels left

rFire  . . .     SeeInvis .     C - +2 whip (elec)
rCold  . . .     Gourm    .     (no shield)
rNeg   . . .     Faith    .     (helmet restricted)
rPois  .         Spirit   .     (no amulet)
rElec  .         Dismiss  .     s - ring of flight
rCorr  .         Reflect  .     w - ring of loudness (curse)
SustAt .         Harm     .     (no ring)
MR     .....                    (no ring)
Stlth  +.........               (no ring)
                                (no ring)
                                (no ring)
                                (no ring)

@: lethally poisoned (0 -> -5), exhausted, slowed, very slow, not resistant to
hostile enchantments, very unstealthy
A: almost no armour, amphibious, 8 rings, constrict 8, camouflage 1, gelatinous
body 1
a: Berserk, Trog's Hand, Brothers in Arms, Burn Spellbooks, Renounce Religion,
Evoke Flight


You were on level 7 of the Dungeon.
You worshipped Trog.
Trog was greatly pleased with you.
You were near starving.

You visited 1 branch of the dungeon, and saw 7 of its levels.

You collected 343 gold pieces.
You spent 131 gold pieces at shops.

Inventory:

Hand Weapons
 a - a +1 falchion
 y - a +1 dagger of venom
 A - a +1 flail of protection
 C - a +2 whip of electrocution (weapon)
Missiles
 h - 4 silver javelins (quivered)
Jewellery
 s - a ring of flight (left tentacle)
 w - a cursed ring of loudness (right tentacle)
 x - an uncursed ring of ice
 z - an uncursed ring of wizardry
Wands
 j - a wand of teleportation (6/9)
 p - a wand of acid (12/15)
 r - a wand of digging (18/24)
Scrolls
 e - 6 scrolls of identify
 n - a scroll of fog
 o - 2 scrolls of remove curse
 q - 2 scrolls of teleportation {unknown}
 u - a scroll of enchant weapon
Potions
 c - a potion of invisibility {unknown}
 d - 3 potions of agility
 f - a potion of beneficial mutation {unknown}
 g - 3 potions of degeneration {unknown}
 i - 2 potions of curing
 l - a potion of brilliance {unknown}
 m - a potion of heal wounds {unknown}
 v - a potion of flight {unknown}
 B - a potion of might {unknown}
 D - a potion of resistance {unknown}
Comestibles
 b - a bread ration
 k - 2 beef jerkies
 t - 7 fruits
 E - a royal jelly


   Skills:
 + Level 6.9 Fighting
 * Level 9.2 Long Blades
 + Level 6.9 Dodging


You had 8 spell levels left.
You didn't know any spells.

Dungeon Overview and Level Annotations

Branches:
Dungeon (7/15)             Temple (0/1) D:7

Altars:
Cheibriados
Dithmenos
Makhleb
Pakellas
Ru
Trog
Xom

Shops:
D:5 (


Innate Abilities, Weirdness & Mutations

You cannot wear most types of armour.
You are amphibious.
You can wear up to eight rings at the same time.
You can use your tentacles to constrict eight enemies at once.
Your skin changes colour to match your surroundings (Stealth+).
Your rubbery body absorbs attacks. (AC +1)


Message History

You see here a killer bee corpse.
You feel a strong urge to attack something.
You feel sick.
You are no longer berserk.
You are exhausted.
You feel yourself slow down.
You are near starving!
You feel the effects of Trog's Hand fading.
You feel sick.
You feel sick.
You feel sick.
E - a royal jelly You feel sick.
Your skin stops crawling.
You feel less resistant to hostile enchantments.
You feel sick.
You feel sick. The giant frog misses you. The giant frog hits you!
* * * LOW HITPOINT WARNING * * *
The giant frog hits you.
You die...

###################
#.@.....†..........
.......F....############
..####.####.# ... #.#
#.... #.# #.... #..
....._ ... .## .#....
#... ... ##...##


You could see a giant frog.

Vanquished Creatures
  Grinder (D:5)
  The ghost of bezhaha the Ducker, an amateur DgAs (D:4)
  2 orc warriors
  An ice beast (D:6)
  3 ogres
  A centaur (D:6)
  Blork the orc (D:5)
  2 giant frogs (D:6)
  3 scorpions
  4 killer bees (D:7)
  2 centaur zombies
  4 hounds
  2 orc priests (D:6)
  6 orc wizards
  An iguana (D:5)
  3 worker ants
  Robin (D:3)
  12 adders
  A river rat (D:4)
  An adder skeleton (D:4)
  2 worms
  3 dart slugs
  7 giant geckos
  31 orcs
  4 bats
  6 giant cockroaches
  17 goblins
  8 hobgoblins
  22 jackals
  3 quokkas
  2 ball pythons
  9 giant newts
  10 kobolds
  A quokka skeleton (D:4)
  A quokka zombie (D:6)
  7 rats
185 creatures vanquished.

Notes
Turn   | Place    | Note
-------+----------+-------------------------------------------
     0 | D:1      | Arkorax the Octopode Berserker began the quest for the Orb.
     0 | D:1      | Reached XP level 1. HP: 16/16 MP: 1/1
     1 | D:1      | Noticed an electric eel
    56 | D:1      | Reached XP level 2. HP: 12/21 MP: 2/2
   654 | D:1      | Reached XP level 3. HP: 26/26 MP: 3/3
   952 | D:2      | Reached ** piety under Trog
  1268 | D:2      | Found a shimmering altar of Xom.
  1537 | D:2      | Reached skill level 4 in Long Blades
  1537 | D:2      | Reached XP level 4. HP: 24/31 MP: 4/4
  1911 | D:3      | Noticed Robin
  2128 | D:3      | Reached *** piety under Trog
  2131 | D:3      | Killed Robin
  2136 | D:3      | Reached XP level 5. HP: 11/37 MP: 5/5
  2750 | D:3      | Found a snail-covered altar of Cheibriados.
  2950 | D:3      | Found a sacrificial altar of Ru.
  3174 | D:4      | Received a gift from Trog
  3257 | D:4      | Noticed bezhaha's ghost (amateur DgAs)
  3279 | D:4      | Killed bezhaha's ghost
  3279 | D:4      | Reached skill level 5 in Long Blades
  3279 | D:4      | Reached XP level 6. HP: 44/44 MP: 6/6
  3345 | D:4      | Reached XP level 7. HP: 35/49 MP: 7/7
  3373 | D:4      | Reached skill level 6 in Long Blades
  3812 | D:4      | Reached skill level 5 in Fighting
  3845 | D:4      | Reached skill level 5 in Dodging
  3851 | D:4      | Received a gift from Trog
  4028 | D:4      | Found a shadowy altar of Dithmenos.
  4041 | D:4      | Reached XP level 8. HP: 10/55 MP: 8/8
  4838 | D:5      | Entered Level 5 of the Dungeon
  4946 | D:5      | Found an oddly glowing altar of Pakellas.
  4962 | D:5      | Reached skill level 7 in Long Blades
  4989 | D:5      | Noticed Grinder
  4997 | D:5      | Killed Grinder
  5161 | D:5      | Found Hysy's Weapon Boutique.
  5164 | D:5      | Bought a +1 dagger of venom for 131 gold pieces
  5406 | D:5      | Noticed Blork the orc
  5410 | D:5      | Killed Blork the orc
  5414 | D:5      | Found a bloodstained altar of Trog.
  5537 | D:5      | Reached **** piety under Trog
  5873 | D:6      | Reached skill level 8 in Long Blades
  5967 | D:6      | Reached XP level 9. HP: 35/62 MP: 9/9
  6828 | D:6      | You fall through a shaft!
  6891 | D:7      | Reached skill level 9 in Long Blades
  6938 | D:7      | Found a staircase to the Ecumenical Temple.
  7284 | D:7      | Found a burning altar of Makhleb.
  7284 | D:7      | Slain by a giant frog

Vault maps used:
D:1:      arrival_aquarium_a
D:2:      xom_butterflies
D:3:      nicolae_ru_path_of_blood, old_standard_altar, first_bread, uniq_robin
D:4:      gup_sewer_entry_bubbles, st_stairs_10, nicolae_dithmenos_shadow_blocks
D:5:      grunt_pakellas_sulfur, serial_shops, nicolae_shop_window_shopping,
          bloody_trog, uniq_grinder, uniq_blork_the_orc, uniq_crazy_yiuf_cottage
D:6:      kennysheep_windowed_goal
D:7:      old_standard_altar, grunt_ogre_cave

Skill      XL: |  1  2  3  4  5  6  7  8  9 |
---------------+----------------------------+-----
Long Blades    | 4 5 6 8 9 |  9.2
Fighting       | 4 5 6 |  6.9
Dodging        | 4 5 6 |  6.9

Action                   |  1- 3 |  4- 6 |  7- 9 || total
-------------------------+-------+-------+-------++-------
Melee: Falchion          |    84 |   185 |   192 ||   461
       Tentacles         |    14 |    25 |    70 ||   109
       Constrict         |    18 |    39 |    53 ||   110
       Whip              |       |       |    64 ||    64
Invok: Berserk           |       |     2 |     5 ||     7
       Burn Spellbooks   |       |     1 |     2 ||     3
       Trog's Hand       |       |     1 |     2 ||     3
  Use: Scroll            |     5 |     4 |       ||     9
       Potion            |       |       |     1 ||     1
 Stab: Sleeping          |    10 |     4 |     6 ||    20
  Eat: Bread ration      |     1 |     1 |     1 ||     3
       Chunk             |       |     3 |     6 ||     9
       Meat ration       |       |       |     1 ||     1
Armor: Skin              |     6 |    13 |     6 ||    25
Dodge: Dodged            |    41 |   110 |   136 ||   287
